 Dungeon Crawl Stone Soup version 0.23-a0-436-g57debff (webtiles) character file.

34 Jawreze the Sneak (level 3, 0/16 HPs)
             Began as a Spriggan Enchanter on Nov 16, 2018.
             Slain by Natasha (10 damage)
             ... on level 1 of the Dungeon.
             The game lasted 00:03:57 (1420 turns).

Jawreze the Sneak (Spriggan Enchanter)              Turns: 1420, Time: 00:03:58

Health: 0/16       AC:  2    Str:  4    XL:     3   Next: 14%
Magic:  3/8        EV: 19    Int: 17    God:
Gold:   15         SH:  0    Dex: 16    Spells: 5/8 levels left

rFire    . . .     SeeInvis +   a - +1 dagger
rCold    . . .     Gourm    .   (shield restricted)
rNeg     . . .     Faith    .   b - +0 robe
rPois    .         Spirit   .   (helmet restricted)
rElec    .         Reflect  .   (no cloak)
rCorr    .         Harm     .   (gloves unavailable)
MR       .....                  (boots unavailable)
Stlth    +++.......             (no amulet)
HPRegen  0.05/turn              (no ring)
MPRegen  0.11/turn              (no ring)

@: very quick
A: very small, unfitting armour, see invisible, herbivore, speed 3, slow
metabolism 2
a: no special abilities


You were on level 1 of the Dungeon.
You were not hungry.

You visited 1 branch of the dungeon, and saw 2 of its levels.

You collected 15 gold pieces.

Inventory:

Hand Weapons
 a - a +1 dagger (weapon)
Armour
 b - a +0 robe (worn)
Jewellery
 i - a +4 ring of dexterity {unknown}
Scrolls
 c - a scroll of magic mapping {unknown}
 e - 2 scrolls of remove curse {unknown}
 f - a scroll of fear {unknown}
 k - a scroll of blinking {unknown}
Potions
 g - a potion of curing {unknown}
 h - a potion of ambrosia
 j - a potion of heal wounds {unknown}
Comestibles
 d - 3 rations


   Skills:
 * Level 2.2 Short Blades
 + Level 3.4 Dodging
 + Level 4.8 Stealth
 - Level 3.0 Spellcasting
 + Level 3.9 Hexes


You had 5 spell levels left.
You knew the following spells:

 Your Spells              Type           Power        Failure   Level  Hunger
a - Corona                Hex            ###....      3%          1    None
b - Ensorcelled Hibernat  Hex/Ice        #.....       12%         2    ##.....

Your spell library contained the following spells:

 Spells                   Type           Power        Failure   Level  Hunger
 Confuse                  Hex            ###.....     11%         3    ###....
 Tukima's Dance           Hex            ###.....     11%         3    ###....
 Dazzling Spray           Conj/Hex       #.....       24%         3    ###....


Dungeon Overview and Level Annotations

Branches:
Dungeon (2/15)

Altars:

Annotations:
D:1 Natasha


Innate Abilities, Weirdness & Mutations

You are very small and have problems with some larger weapons.
You are too small for most types of armour.
You have supernaturally acute eyesight. (SInv)
You are a herbivore.
You cover ground extremely quickly.
You need to consume almost no food.


Message History

Confirm with . or Enter, or press ? or * to list all spells.
Aiming: Ensorcelled Hibernation (safe; 12% risk of failure)
Press: ? - help, Shift-Dir - straight line, f/p - Natasha
Aim: Natasha (chance to defeat MR: 40%) Natasha resists with some effort.
Natasha casts a spell.
The shadow imp barely misses you.
There is a stone staircase leading up here.
Natasha claws you.
You climb upwards.
The shadow imp disappears in a puff of smoke!
There is a stone staircase leading down here.
Casting: Ensorcelled Hibernation (safe; 12% risk of failure)
Confirm with . or Enter, or press ? or * to list all spells.
Aiming: Ensorcelled Hibernation (safe; 12% risk of failure)
Press: ? - help, Shift-Dir - straight line, f - Natasha
Aim: Natasha (chance to defeat MR: 40%) Natasha resists with some effort.
Natasha claws you!
Ouch! That really hurt!
You die...

........##..######..#.####
........##...............#
..########.####...##...###
#)....# #........#8...8#
#.....# ##.#.#...##...##
#..)..# #...#.#.##...#
#.....# #####.#.##...##
#.....#######.#.#.#⌠...⌠#
#.............#h@.##...##
#...........#.######...#
..####......#.#...##...##
....##...........##8...8#
######...........###...##
......#####..###.#.#.(.#
......# #....#.#...###
......# #.#....#.###
...#### #....###.#


You could see Natasha.

Vanquished Creatures
  A gnoll (D:1)
  An adder (D:1)
  2 leopard geckos (D:1)
  2 goblins (D:1)
  4 hobgoblins (D:1)
  A kobold (D:1)
  2 rats (D:1)
13 creatures vanquished.

Notes
Turn   | Place    | Note
-------+----------+-------------------------------------------
     0 | D:1      | Jawreze the Spriggan Enchanter began the quest for the Orb.
     0 | D:1      | Reached XP level 1. HP: 9/9 MP: 5/5
   351 | D:1      | Reached XP level 2. HP: 13/13 MP: 4/6
   536 | D:1      | Learned a level 2 spell: Ensorcelled Hibernation
  1134 | D:2      | Noticed Natasha
  1184 | D:1      | Reached XP level 3. HP: 8/16 MP: 5/8
  1420 | D:1      | Slain by Natasha

Vault maps used:
D:1:      giann_bridges, serial_corexii_hall, corexii_hall_statues_i,
          chequers_hall_statues_y
D:2:      chequers_temple_overflow_minitemple, uniq_natasha

Skill      XL: |  1  2 |
---------------+-------+-----
Short Blades   | 2 |  2.2
Spellcasting   | 3 |  3.0
Dodging        | |  3.4
Stealth        | |  4.8
Hexes          | |  3.9

Action                   || total
-------------------------++-------
Melee: Dagger            ||    37
 Cast: Corona            ||     8
       Ensorcelled Hiber ||     5
  Use: Potion            ||     1
 Stab: Sleeping          ||     6
Armor: Robe              ||     2
Dodge: Dodged            ||    25

Table legend:
 A = Non-vault XP
 B = Vault XP
 C = Vault XP percentage of total XP
 D = Non-vault monster count
 E = Vault monster count
 F = Vault count percentage of total count
                 A         B        C        D         E       F
            +---------+---------+-------+---------+---------+-------
      Total |      49 |       0 |   0.0 |      13 |       0 |   0.0
            +---------+---------+-------+---------+---------+-------
        D:1 |      49 |       0 |   0.0 |      13 |       0 |   0.0
            +---------+---------+-------+---------+---------+-------
